 Dungeon Crawl Stone Soup version 0.23-a0-143-g1adec7b (webtiles) character file.

2410 Amnesiac the Frost Mage (level 9, -1/57 HPs)
             Began as a Mummy Ice Elementalist on Sept 2, 2018.
             Was an Elder of Vehumet.
             Slain by an orc warrior
             ... wielding a +0 hand axe
              (13 damage)
             ... on level 7 of the Dungeon.
             The game lasted 00:09:55 (5198 turns).

Amnesiac the Frost Mage (Mummy Ice Elementalist)    Turns: 5198, Time: 00:09:56

Health: -1/57      AC: 14    Str: 11    XL:     9   Next: 23%
Magic:  1/21       EV: 10    Int: 17    God:    Vehumet [****..]
Gold:   106        SH:  0    Dex: 13    Spells: 16/25 levels left

rFire    x . .     SeeInvis .   a - +7 long sword (drain)
rCold    + . .     Gourm    .   (no shield)
rNeg     + + +     Faith    .   d - +3 ring mail
rPois    ∞         Spirit   .   c - +0 helmet
rElec    .         Reflect  .   f - +1 cloak
rCorr    .         Harm     .   (no gloves)
MR       +....                  m - +2 pair of boots {Stlth+}
Stlth    ++........             (no amulet)
HPRegen  0.19/turn              (no ring)
MPRegen  0.17/turn              (no ring)

@: very slightly contaminated
A: no food or potions, fire vulnerability, cold resistance 1, negative energy
resistance 3, torment resistance, unbreathing
a: Renounce Religion


You were on level 7 of the Dungeon.
You worshipped Vehumet.
Vehumet was greatly pleased with you.
You were not hungry.

You visited 1 branch of the dungeon, and saw 7 of its levels.

You collected 218 gold pieces.
You spent 112 gold pieces at shops.

Inventory:

Hand Weapons
 a - a +7 long sword of draining (weapon)
 b - the +1 dagger of Innocence {freeze, Dex+3}
   (You found it on level 5 of the Dungeon)

   It has been specially enchanted to freeze those struck by it, causing extra
   injury to most foes and up to half again as much damage against particularly
   susceptible opponents.
   It can also slow down cold-blooded creatures.
   It affects your dexterity (+3).
Armour
 c - a +0 helmet (worn)
 d - a +3 ring mail (worn)
 f - a +1 cloak (worn)
 m - a +2 pair of boots of stealth (worn)
Wands
 k - a wand of scattershot (9)
 n - a wand of random effects (14)
Scrolls
 e - a scroll of magic mapping {!r}
 g - 2 scrolls of amnesia {!r}
 h - a scroll of enchant armour {!r}
 i - 5 scrolls of teleportation {!r}
 j - a scroll of vulnerability {!r}
 l - 4 scrolls of remove curse {!r}


   Skills:
 - Level 1.5 Dodging
 - Level 1.5 Stealth
 + Level 8.9 Spellcasting
 - Level 0.7 Conjurations
 * Level 9.0 Ice Magic


You had 16 spell levels left.
You knew the following spells:

 Your Spells              Type           Power        Failure   Level  Hunger
a - Throw Icicle          Conj/Ice       ###.....     9%          4    N/A
b - Summon Ice Beast      Ice/Summ       ###.....     34%         4    N/A
d - Freeze                Ice            ####         1%          1    N/A

Your spell library contained the following spells:

 Spells                   Type           Power        Failure   Level  Hunger
 Bolt of Magma            Conj/Fire/Erth #.........   78%         5    N/A
 Throw Frost              Conj/Ice       ###...       1%          2    N/A
 Ozocubu's Armour         Chrm/Ice       ###.....     11%         3    N/A
 Summon Small Mammal      Summ           #...         24%         1    N/A
 Call Imp                 Summ           #.......     34%         2    N/A
 Call Canine Familiar     Summ           #.......     56%         3    N/A
 Summon Guardian Golem    Hex/Summ       #.......     56%         3    N/A
 Summon Lightning Spire   Summ/Air       #.......     93%         4    N/A

Dungeon Overview and Level Annotations

Branches:
Dungeon (7/15)             Temple (0/1) D:5

Altars:
Fedhas
Ru
Sif Muna
Vehumet
Xom
Zin

Shops:
D:5 [


Innate Abilities, Weirdness & Mutations

You do not eat or drink.
Your flesh is vulnerable to fire.
You are immune to poison.
Your flesh is cold resistant. (rC+)
You are immune to negative energy. (rN+++)
You are immune to unholy pain and torment.
You can survive without breathing.


Message History

You miscast Throw Icicle.
You are very lightly contaminated with residual magic.
Wisps of condensation drift from your hands.
The orc warrior hits you but does no damage.
Unknown command.
Casting: Throw Icicle (safe; 9% risk of failure)
Confirm with . or Enter, or press ? or * to list all spells.
You don't have enough magic to cast that spell.
Unknown command.
Casting: Throw Icicle (safe; 9% risk of failure)
Confirm with . or Enter, or press ? or * to list all spells.
Aiming: Freeze (safe; 1% risk of failure)
Press: ? - help, Shift-Dir - straight line, f/p - orc warrior
Aim: an orc warrior, wielding a hand axe and wearing a shiny plate armour You freeze the orc warrior.
The orc warrior is moderately wounded.
The orc warrior hits you but does no damage.
Unknown command.
Casting: Freeze (safe; 1% risk of failure)
Confirm with . or Enter, or press ? or * to list all spells.
Aiming: Freeze (safe; 1% risk of failure)
Press: ? - help, Shift-Dir - straight line, f/p - orc warrior
Aim: an orc warrior, wielding a hand axe and wearing a shiny plate armour You freeze the orc warrior.
The orc warrior is moderately wounded.
The orc warrior hits you with a hand axe!
* * * LOW HITPOINT WARNING * * *
Unknown command.
Casting: Freeze (safe; 1% risk of failure)
Confirm with . or Enter, or press ? or * to list all spells.
Aiming: Freeze (safe; 1% risk of failure)
Press: ? - help, Shift-Dir - straight line, f/p - orc warrior
Aim: an orc warrior, wielding a hand axe and wearing a shiny plate armour You freeze the orc warrior.
The orc warrior is severely wounded.
The orc warrior closely misses you.
You completely miss the orc warrior.
The orc warrior is severely wounded.
The orc warrior hits you with a hand axe!
* * * LOW HITPOINT WARNING * * *
You barely miss the orc warrior.
The orc warrior is severely wounded.
The orc warrior closely misses you.
Unknown command.
Unknown command.
You completely miss the orc warrior.
The orc warrior is severely wounded.
The orc warrior hits you but does no damage. x2
Unknown command.
Unknown command.
You barely miss the orc warrior.
The orc warrior is severely wounded.
The orc warrior misses you.
Unknown command.
Unknown command.
You hit the orc warrior but do no damage.
The orc warrior is severely wounded.
The orc warrior hits you but does no damage.
Unknown command.
Unknown command.
You slash the orc warrior!
The orc warrior is almost dead.
The orc warrior hits you with a hand axe!
You die...

........†.##
.........##
.........# ###
?........## ###.##
.!.....#.)###....#
.......##)(#..##.#
......####)(.###)#
.....## ##...# #o#
..... ##....# #@#
....# ##.###.###.#
.....##.## ##.#..#
........# #...##
........#########
.........##...#
..............##
...........###.##
............###†#####


You could see an orc warrior.

Vanquished Creatures
  Sigmund (D:5)
  A steam dragon (D:7)
  A water moccasin (D:6)
  2 ice beasts (D:6)
  A black bear (D:7)
  2 ogres
  A phantom (D:7)
  2 centaurs
  2 bullfrogs (D:7)
  4 scorpions
  3 killer bees (D:7)
  A water moccasin skeleton (D:5)
  2 howler monkeys (D:5)
  4 wights
  2 crimson imps (D:6)
  A bullfrog skeleton (D:6)
  A hound (D:4)
  A jelly (D:3)
  An orc priest (D:7)
  2 orc wizards (D:7)
  3 worker ants
  A hound skeleton (D:6)
  7 gnolls
  4 adders
  3 shadow imps
  An adder skeleton (D:6)
  2 worms (D:2)
  3 dart slugs
  2 leopard geckos
  14 orcs
  4 bats
  10 giant cockroaches
  9 hobgoblins
  12 jackals
  3 quokkas
  A ball python zombie (D:5)
  7 frilled lizards
  2 goblins
  A jackal skeleton (D:4)
  7 kobolds
  23 rats
154 creatures vanquished.

Notes
Turn   | Place    | Note
-------+----------+-------------------------------------------
     0 | D:1      | Amnesiac the Mummy Ice Elementalist began the quest for the
                  | Orb.
     0 | D:1      | Reached XP level 1. HP: 13/13 MP: 4/4
   335 | D:2      | Reached XP level 2. HP: 19/19 MP: 3/5
   354 | D:3      | Found a radiant altar of Vehumet.
   362 | D:3      | Became a worshipper of Vehumet
   386 | D:3      | Reached skill level 3 in Ice Magic
   672 | D:1      | Reached XP level 3. HP: 15/24 MP: 3/7
  1259 | D:2      | Reached * piety under Vehumet
  1259 | D:2      | Offered knowledge of Magic Dart by Vehumet.
  1373 | D:2      | Reached XP level 4. HP: 13/30 MP: 0/9
  1379 | D:2      | Learned a level 4 spell: Throw Icicle
  1384 | D:2      | Learned a level 4 spell: Summon Ice Beast
  1570 | D:2      | Offered knowledge of Shock by Vehumet.
  1584 | D:2      | Reached ** piety under Vehumet
  1593 | D:2      | Found a blossoming altar of Fedhas.
  1690 | D:2      | Found a sacrificial altar of Ru.
  1978 | D:3      | Reached skill level 4 in Ice Magic
  2002 | D:3      | Reached XP level 5. HP: 25/35 MP: 1/11
  2246 | D:3      | Offered knowledge of Static Discharge by Vehumet.
  2711 | D:4      | Reached XP level 6. HP: 41/41 MP: 9/13
  2815 | D:4      | Reached skill level 5 in Ice Magic
  3090 | D:5      | Entered Level 5 of the Dungeon
  3109 | D:5      | Reached skill level 5 in Spellcasting
  3138 | D:5      | Noticed Sigmund
  3153 | D:5      | Killed Sigmund
  3153 | D:5      | Reached XP level 7. HP: 27/46 MP: 7/15
  3213 | D:5      | Got a brightly glowing dagger
  3227 | D:5      | Found Werergh's Antique Armour Shop.
  3230 | D:5      | Bought a pair of glowing boots for 112 gold pieces
  3290 | D:5      | Found a deep blue altar of Sif Muna.
  3349 | D:5      | Reached skill level 6 in Ice Magic
  3498 | D:5      | Reached *** piety under Vehumet
  3606 | D:5      | Found a staircase to the Ecumenical Temple.
  3622 | D:5      | Identified the +1 dagger of Innocence {freeze, Dex+3} (You
                  | found it on level 5 of the Dungeon)
  4104 | D:6      | Reached XP level 8. HP: 48/52 MP: 18/18
  4111 | D:6      | Offered knowledge of Stone Arrow by Vehumet.
  4118 | D:6      | Reached skill level 7 in Ice Magic
  4533 | D:6      | Found a glowing silver altar of Zin.
  4533 | D:6      | Noticed an angel
  4580 | D:6      | Found a shimmering altar of Xom.
  4793 | D:7      | Reached skill level 8 in Ice Magic
  4873 | D:7      | Reached XP level 9. HP: 19/57 MP: 1/21
  5112 | D:7      | Reached **** piety under Vehumet
  5171 | D:7      | Offered knowledge of Bolt of Magma by Vehumet.
  5171 | D:7      | Reached skill level 9 in Ice Magic
  5198 | D:7      | Slain by an orc warrior

Vault maps used:
D:1:      eino_arrival_water_star, serial_co_window_serial, co_window_corner_a,
          co_window_of_opportunity_a, co_window_of_opportunity_a,
          co_window_paths_a, co_window_of_opportunity_a, co_window_paths_a,
          co_window_paths_b, co_window_unsneaky_path_c,
          co_window_unsneaky_path_d, co_window_2corner, glass_columns_a,
          glass_columns_c, glass_columns_c, glass_columns_c
D:2:      nicolae_overflow_hidden_temple, lemuel_round_altar, minmay_rat_hole
D:3:      vehumet_crystals, minmay_tree_intersection
D:4:      minmay_misc_feat_more_columns
D:5:      minmay_temple_entry_trees, serial_shops, kennysheep_mini, basic_altar,
          first_ration, uniq_sigmund
D:6:      grunt_temple_overflow_order_and_chaos_1, nicolae_lava_and_water
D:7:      trog_ov_bears_minmay, uniq_joseph

Skill      XL: |  1  2  3  4  5  6  7  8  9 |
---------------+----------------------------+-----
Spellcasting   | 3 4 5 6 8 |  8.9
Ice Magic      | 3 4 5 6 8 9 |  9.0
Dodging        | |  1.5
Stealth        | |  1.5
Conjurations   | |  0.7

Action                   |  1- 3 |  4- 6 |  7- 9 || total
-------------------------+-------+-------+-------++-------
Melee: Long sword        |    54 |    53 |   155 ||   262
 Cast: Freeze            |    48 |    47 |    22 ||   117
       Throw Icicle      |       |       |    30 ||    30
  Use: Scroll            |       |     7 |     5 ||    12
 Stab: Sleeping          |     1 |     1 |     4 ||     6
Armor: Robe              |     7 |       |       ||     7
       Ring mail         |    55 |    36 |   114 ||   205
Dodge: Dodged            |    97 |    59 |   121 ||   277
       Rpst.: Long sword |    29 |    14 |    30 ||    73

Table legend:
 A = Non-vault XP
 B = Vault XP
 C = Vault XP percentage of total XP
 D = Non-vault monster count
 E = Vault monster count
 F = Vault count percentage of total count
                 A         B        C        D         E       F
            +---------+---------+-------+---------+---------+-------
      Total |    3186 |     258 |   7.5 |     134 |      20 |  13.0
            +---------+---------+-------+---------+---------+-------
        D:1 |      30 |       0 |   0.0 |      13 |       0 |   0.0
        D:2 |      63 |      20 |  24.1 |      25 |      19 |  43.2
        D:3 |     144 |       0 |   0.0 |      30 |       0 |   0.0
        D:4 |     166 |       0 |   0.0 |       6 |       0 |   0.0
        D:5 |     640 |     238 |  27.1 |      19 |       1 |   5.0
        D:6 |     840 |       0 |   0.0 |      17 |       0 |   0.0
        D:7 |    1303 |       0 |   0.0 |      24 |       0 |   0.0
            +---------+---------+-------+---------+---------+-------
